 Dungeon Crawl Stone Soup version 0.21.1-1-g345015fe64 (webtiles) character file.

1267 LevaFresel the Quickloader (level 8, -2/48 HPs)
             Began as a Kobold Hunter on June 7, 2018.
             Was a Believer of Okawaru.
             Slain by an orc warrior
             ... wielding a +0 flail
              (8 damage)
             ... on level 6 of the Dungeon.
             The game lasted 00:43:10 (10274 turns).

LevaFresel the Quickloader (Kobold Hunter)         Turns: 10274, Time: 00:43:11

Health: -2/48      AC: 18    Str: 12    XL:     8   Next: 82%
Magic:  8/8        EV: 14    Int: 12    God:    Okawaru [**....]
Gold:   246        SH:  0    Dex: 15    Spells: 7/7 levels left

rFire    . . .     SeeInvis .   b - +1 dagger (venom)
rCold    . . .     Gourm    .   (shield restricted)
rNeg     . . .     Faith    .   p - +2 chain mail {rPois}
rPois    +         Spirit   .   (no helmet)
rElec    .         Reflect  .   (no cloak)
rCorr    .         Harm     .   q - +0 pair of gloves
MR       .....                  c - +0 pair of boots
Stlth    ..........             (no amulet)
HPRegen  0.16/turn              e - +5 ring of evasion
MPRegen  0.11/turn              m - +5 ring of protection

@: no status effects
A: small, carnivore
a: Heroism, Renounce Religion


You were on level 6 of the Dungeon.
You worshipped Okawaru.
Okawaru was pleased with you.
You were very full.

You visited 1 branch of the dungeon, and saw 6 of its levels.

You collected 246 gold pieces.

Inventory:

Hand Weapons
 a - a +1 hand crossbow
 b - a +1 dagger of venom (weapon)
Missiles
 d - 22 bolts
Armour
 c - a +0 pair of boots (worn)
 p - a +2 chain mail of poison resistance (worn)
 q - a +0 pair of gloves (worn)
 A - a +2 chain mail of magic resistance
Jewellery
 e - a +5 ring of evasion (left hand)
 k - an uncursed ring of positive energy
 m - a +5 ring of protection (right hand)
 t - an uncursed ring of see invisible
 y - a cursed ring of teleportation {unknown}
Wands
 z - a wand of acid (8)
Scrolls
 g - a scroll of magic mapping {unknown}
 h - a scroll of fog
 l - 3 scrolls of blinking {unknown}
 o - a scroll of teleportation
 s - a scroll of remove curse
 w - a scroll of fear {unknown}
 x - a scroll of amnesia {unknown}
Potions
 i - a potion of agility {unknown}
 j - 3 potions of brilliance
 u - a potion of lignification {unknown}
 v - a potion of mutation {unknown}
 B - a potion of might {unknown}
Books
 r - Jessica's Collected Works on the Voyage
   (You found it on level 3 of the Dungeon)

   Spells                             Type                      Level
   a - Blink                          Translocation                2
Comestibles
 f - 9 rations


   Skills:
 + Level 4.9 Fighting
 + Level 5.1 Short Blades
 * Level 8.5 Crossbows
 + Level 3.0 Armour
 + Level 5.3 Dodging
 - Level 2.0 Stealth


You had 7 spell levels left.
You didn't know any spells.

Dungeon Overview and Level Annotations

Branches:
Dungeon (6/15)
 Temple: D:4-7

Altars:
Hepliaklqana
Nemelex Xobeh
Okawaru
Qazlal
Xom
Zin

Annotations:
D:4 waaargh's ghost, amateur DsGl
D:5 Peloso's ghost, novice MiFi
D:6 Grinder


Innate Abilities, Weirdness & Mutations

You are small and have problems with some larger weapons.
You are carnivorous and can eat meat at any time.


Message History

The gnoll closely misses you.
Your chain mail prevents you from hitting the gnoll.
The gnoll is severely wounded.
The gnoll completely misses you.
Your chain mail prevents you from hitting the gnoll.
The gnoll is severely wounded.
The gnoll hits you but does no damage.
You hit the gnoll.
The gnoll is almost dead.
The gnoll hits you but does no damage.
You hit the gnoll.
You kill the gnoll!
Okawaru accepts your kill.
You hit the orc warrior but do no damage.
The orc warrior is poisoned.
You hit the orc warrior but do no damage.
The orc warrior hits you with a flail!
* * * LOW HITPOINT WARNING * * *
You feel better. The orc warrior hits you with a flail!
You die...

.. .. #.##
..# ..##
#.. #.# #.#
#@# #o##
#{o# ##o#
#.# #.#
####.## #
##.....##
..###
##.......##
...#


You could see an orc warrior and 2 orcs.

Vanquished Creatures
  Sigmund (D:5)
  An orc warrior (D:6)
  2 ice beasts
  An ogre (D:5)
  A scorpion (D:4)
  A centaur zombie (D:5)
  A bullfrog skeleton (D:5)
  3 hounds (D:4)
  An orc priest (D:4)
  A gnoll shaman (D:6)
  Jessica (D:3)
  An iguana (D:4)
  3 orc wizards
  Ijyb (D:5)
  2 worker ants
  A hound skeleton (D:5)
  7 adders
  7 gnolls (D:6)
  2 oozes (D:2)
  An adder skeleton (D:5)
  3 worms
  5 dart slugs
  2 leopard geckos (D:3)
  19 orcs
  6 bats
  6 giant cockroaches
  9 goblins
  7 hobgoblins
  7 kobolds
  3 quokkas
  2 ball pythons
  6 frilled lizards
  A leopard gecko zombie (D:5)
  A quokka zombie (D:5)
  8 rats
124 creatures vanquished.

Notes
Turn   | Place    | Note
-------+----------+-------------------------------------------
     0 | D:1      | LevaFresel the Kobold Hunter began the quest for the Orb.
     0 | D:1      | Reached XP level 1. HP: 12/12 MP: 1/1
   147 | D:1      | Reached XP level 2. HP: 17/17 MP: 2/2
   152 | D:1      | Reached skill level 5 in Crossbows
   366 | D:1      | Reached skill level 1 in Short Blades
   455 | D:1      | Reached XP level 3. HP: 18/22 MP: 3/3
  1179 | D:2      | Found a faded altar of an unknown god.
  1706 | D:2      | Found a hazy altar of Hepliaklqana.
  1761 | D:2      | Reached XP level 4. HP: 27/27 MP: 4/4
  1795 | D:2      | Found an iron altar of Okawaru.
  1820 | D:2      | Became a worshipper of Warmaster Okawaru
  2501 | D:2      | Reached skill level 1 in Armour
  2689 | D:3      | Found a sparkling altar of Nemelex Xobeh.
  2703 | D:3      | Reached XP level 5. HP: 28/32 MP: 5/5
  3562 | D:3      | Found a stormy altar of Qazlal.
  3857 | D:3      | Found a glowing silver altar of Zin.
  3996 | D:3      | Noticed Jessica
  4002 | D:3      | Killed Jessica
  4002 | D:3      | Reached skill level 6 in Crossbows
  4008 | D:3      | Identified Jessica's Collected Works on the Voyage
  4305 | D:4      | Reached XP level 6. HP: 23/37 MP: 6/6
  4675 | D:4      | Noticed waaargh's ghost (amateur DsGl)
  5248 | D:5      | Entered Level 5 of the Dungeon
  5279 | D:5      | Found a shimmering altar of Xom.
  5328 | D:5      | Noticed an ice beast
  5636 | D:4      | Killed an ice beast
  5636 | D:4      | Reached * piety under Okawaru
  5636 | D:4      | Reached XP level 7. HP: 26/42 MP: 7/7
  8495 | D:5      | Noticed Peloso's ghost (novice MiFi)
  8545 | D:4      | Reached skill level 7 in Crossbows
  9308 | D:5      | Noticed Sigmund
  9316 | D:5      | Killed Sigmund
  9316 | D:5      | Reached XP level 8. HP: 47/48 MP: 8/8
  9681 | D:5      | Noticed Ijyb
  9695 | D:5      | Killed Ijyb
  9870 | D:5      | Reached skill level 8 in Crossbows
  9870 | D:5      | Reached skill level 5 in Dodging
 10142 | D:6      | Noticed Grinder
 10164 | D:6      | Reached ** piety under Okawaru
 10250 | D:6      | Reached skill level 5 in Short Blades
 10273 | D:6      | HP: 1/48 [orc warrior/flail (17)]
 10274 | D:6      | Slain by an orc warrior

Skill      XL: |  1  2  3  4  5  6  7  8 |
---------------+-------------------------+-----
Crossbows      | 5 6 7 8 |  8.5
Short Blades   | 1 2 3 4 5 |  5.1
Stealth        | 2 |  2.0
Dodging        | 3 4 5 |  5.3
Armour         | 1 2 3 |  3.0
Fighting       | 3 4 |  4.9

Action                   |  1- 3 |  4- 6 |  7- 9 || total
-------------------------+-------+-------+-------++-------
Melee: Short sword       |   140 |       |       ||   140
       Dagger            |     8 |   358 |   508 ||   874
 Fire: Hand crossbow     |     7 |    36 |    44 ||    87
Invok: Heroism           |       |       |     1 ||     1
  Use: Scroll            |     6 |     3 |     2 ||    11
       Potion            |       |     1 |     3 ||     4
 Stab: Sleeping          |     3 |       |       ||     3
  Eat: Chunk             |     5 |    14 |    10 ||    29
       Ration            |       |       |     4 ||     4
Armor: Leather armour    |    33 |       |       ||    33
       Scale mail        |     5 |    40 |       ||    45
       Chain mail        |       |   102 |   196 ||   298
Dodge: Dodged            |   134 |   261 |   274 ||   669
